 Dungeon Crawl Stone Soup version 0.31.0-12-g77e489cdc1 (webtiles) character file.

Game seed: 8054990401918400220

21 Tovical the Gusty (level 2, -1/24 HPs)
             Began as a Tengu Air Elementalist on Mar 7, 2024.
             Slain by Natasha (6 damage)
             ... on level 2 of the Dungeon.
             The game lasted 00:04:04 (1012 turns).

Tovical the Gusty (Tengu Air Elementalist)          Turns: 1012, Time: 00:04:05

Health: -1/24      AC: 21    Str: 12    XL:     2   Next: 87%
Magic:  6/6        EV:  2    Int: 14    God:
Gold:   63         SH:  0    Dex: 13    Spells: 4/5 levels left

rFire   . . .        h - +0 spear
rCold   . . .        (no shield)
rNeg    . . .        a - melded +0 robe
rPois   +            (helmet currently unavailable)
rElec   .            (cloak currently unavailable)
rCorr   .            (gloves currently unavailable)
SInv    .            (boots unavailable)
Will    +....        (no amulet)
Stlth   ++           (no ring)
HPRegen 0.24/turn    (no ring)
MPRegen 0.10/turn

%: acrobat
@: brilliant, tree-form
A: stationary, stasis, torment immunity, boosted hp, (beak), (talons 3),
acrobatic, strong-willed 1, strong 1
a: no special abilities


You were on level 2 of the Dungeon.
You were a tree.
You visited 1 branch of the dungeon, and saw 3 of its levels.

You collected 63 gold pieces.

Inventory:

Hand Weapons
 h - a +0 spear (weapon)
Armour
 a - a +0 robe (melded)
Scrolls
 e - a scroll of teleportation
Potions
 b - a potion of magic


   Skills:
 + Level 1.2 Fighting
 - Level 2.1 Dodging
 - Level 2.0 Stealth
 + Level 2.3 Spellcasting
 - Level 1.3 Conjurations
 + Level 4.4 Air Magic


You had 4 spell levels left.
You knew the following spells:

 Your Spells              Type           Power      Damage    Failure   Level
a - Shock                 Conj/Air       56%        1d6       7%          1

Your spell library contained the following spells:

 Spells                   Type           Power      Damage    Failure   Level
 Static Discharge         Conj/Air       28%        3-5/arc   11%         2
 Swiftness                Air            21%        N/A       11%         3
 Airstrike                Air            10%        2d(2-18)  36%         4


Dungeon Overview and Level Annotations

Branches:
Dungeon (3/15)

Altars:
Ru

Annotations:
D:2 Natasha


Innate Abilities, Weirdness & Mutations

You are a tree.
Your roots penetrate the ground, keeping you stationary.
You cannot be teleported.
You are immune to unholy pain and torment.
Your maximum health is greatly increased.
Your equipment is partially melded.
((You have a beak for a mouth.))
((You have claws for feet.))
You can magically evade attacks while moving or waiting.
You are strong-willed. (Will+)
Your muscles are strong. (Str +4, Int/Dex -1)


Message History

The rat squeaks loudly.
Natasha mumbles some strange words.
You feel disoriented.
Natasha stares at you and mumbles some strange words.
The magic dart hits you!
A hobgoblin comes into view. It is wielding a +0 sling.
It was a potion of lignification.
You turn into a tree.
Your +0 robe melds into your body.
Your roots penetrate the ground.
The hobgoblin shouts!
A dart slug comes into view.
The hobgoblin shoots a sling bullet.
The sling bullet hits you.
* * * LOW HITPOINT WARNING * * *
Natasha casts a spell at you.
The magic dart hits you but does no damage.
You hit Natasha.
Natasha is lightly wounded.
The hobgoblin shoots a sling bullet.
The sling bullet hits you but does no damage.
Natasha claws you.
* * * LOW HITPOINT WARNING * * *
It was a potion of brilliance.
You feel clever all of a sudden.
An endoplasm comes into view.
The hobgoblin shoots a sling bullet.
The sling bullet hits you but does no damage.
Natasha mumbles some strange words.
It was a potion of mutation.
You feel extremely strange.
You feel stronger.
You feel strong-willed. Natasha completely misses you.
The cerulean imp hits you but does no damage.
You barely miss Natasha.
Natasha is lightly wounded.
Natasha claws you but does no damage.
The hobgoblin shoots a sling bullet.
The sling bullet hits you but does no damage.
The cerulean imp hits you but does no damage.
You hit Natasha.
Natasha is lightly wounded.
Natasha claws you.
You die...
Natasha curls up and begins to purr.

.....###.....#.#
####.##........# ... .
#.#.........# _.. #.
#...........# ....
#.###.........# .....
#...#.........####...#.
. #...................g
. ###....$...##........
.###...........$♣##
..............r5†h.....#
...............#####...#
.#.........<...# .#
..<.##......w..#
...####.......## ...#
##........ ....
.....####.# .... ......
##


You could see Natasha, a cerulean imp (summoned), a dart slug, a hobgoblin and a
rat.

Vanquished Creatures
  A ball python (D:1)
  4 endoplasms
  A giant cockroach (D:1)
  3 goblins (D:1)
  2 hobgoblins (D:2)
  2 bats (D:1)
  4 frilled lizards
  A kobold (D:1)
  2 rats (D:1)
20 creatures vanquished.

Notes
Turn   | Place    | Note
-------+----------+-------------------------------------------
     0 | D:1      | Tovical the Tengu Air Elementalist began the quest for the
                  | Orb.
     0 | D:1      | Reached XP level 1. HP: 10/10 MP: 4/4
   363 | D:1      | Reached XP level 2. HP: 16/16 MP: 1/6
   725 | D:1      | Reached skill level 1 in Fighting
  1003 | D:2      | Noticed Natasha
  1005 | D:2      | Found a sacrificial altar of Ru.
  1010 | D:2      | Gained mutation: Your muscles are strong. (Str +4, Int/Dex
                  | -1) [potion of mutation]
  1010 | D:2      | Gained mutation: You are strong-willed. (Will+) [potion of
                  | mutation]
  1012 | D:2      | Slain by Natasha

Illustrated notes

Levels and vault maps discovered:
D:1:      spicycebolla_arrival_risky_transporter, layout_loops_ring
D:2:      layout_rooms, basic_altar, serial_glass, glass_columns_a,
          glass_columns_a, minmay_bisected, uniq_natasha
D:3:      layout_basic, mainiacjoe_overflow_small_starburst,
          ebering_ghost_sewer_f

Skill      XL: |  1  2 |
---------------+-------+-----
Fighting       | 1 |  1.2
Dodging        | |  2.1
Stealth        | |  2.0
Spellcasting   | |  2.3
Conjurations   | |  1.3
Air Magic      | |  4.4

Action                     || total
---------------------------++-------
  Melee: Unarmed           ||    19
         Kick              ||    10
         Peck              ||     7
         Spear             ||    27
   Cast: Shock             ||    20
    Use: Scroll            ||     4
         Potion            ||     3
 Armour: Robe              ||    22
         Skin              ||    10
  Dodge: Dodged            ||    27
